 Dungeon Crawl Stone Soup version 0.30-a0-54-g2e61a25929 (webtiles) character file.

Game seed: 5208062706917074184

481 AarnesTheHuman the Chopper (level 6, 18/44 HPs)
             Began as a Demonspawn Gladiator on Sept 5, 2022.
             Was an Initiate of Makhleb.
             Got out of the dungeon alive.
             The game lasted 00:07:14 (4913 turns).

AarnesTheHuman the Chopper (Demonspawn Gladiator)   Turns: 4913, Time: 00:07:14

Health: 18/44      AC:  8    Str: 16    XL:     6   Next: 87%
Magic:  7/7        EV: 11    Int:  9    God:    Makhleb [......]
Gold:   227        SH:  0    Dex: 15    Spells: 5/5 levels left

rFire   . . .      SeeInvis .    a - +1 war axe
rCold   + . .      Faith    .    (no shield)
rNeg    . . .      Spirit   .    x - +0 ring mail
rPois   .          Reflect  .    c - +0 helmet
rElec   .          Harm     .    (no cloak)
rCorr   .          Rampage  .    (no gloves)
Will    .....                    (no boots)
Stlth   +.........               (no amulet)
HPRegen 0.14/turn                u - ring of protection from cold
MPRegen 0.10/turn                (no ring)

@: no status effects
A: thin metallic scales 1, weakness stinger 2
a: Renounce Religion


You escaped.
You worshipped Makhleb.
Makhleb was noncommittal.
You visited 2 branches of the dungeon, and saw 5 of its levels.

You collected 227 gold pieces.

Inventory:

Hand Weapons
 a - a +1 war axe (weapon)
Missiles
 d - 3 throwing nets
 e - a javelin
 h - 28 stones
 q - 3 boomerangs (quivered)
 r - 5 atropa-tipped darts
Armour
 b - a +0 leather armour
 c - a +0 helmet (worn)
 w - the +2 pair of gloves "Forget-Me-Not" {rPois rN+ Will+ Slay-2}
   (You found it on level 3 of the Dungeon)

   Slay:      It affects your accuracy & damage with ranged weapons and melee
   (-2).
   rPois:     It protects you from poison.
   rN:        It protects you from negative energy.
   Will:      It increases your willpower.
 x - a +0 ring mail (worn)
Jewellery
 u - a ring of protection from cold (left hand)
Wands
 f - a wand of digging (1)
Scrolls
 g - a scroll of identify
 j - a scroll of enchant weapon
 k - a scroll of noise
 s - a scroll of summoning
Potions
 l - 2 potions of curing
 m - 5 potions of haste
 n - 3 potions of lignification
 o - a potion of might
 t - a potion of flight
 v - a potion of cancellation
 z - 3 potions of ambrosia


   Skills:
 - Level 2.0 Fighting
 - Level 6.0 Axes
 - Level 4.0 Throwing
 - Level 2.6 Dodging
 + Level 1.8 Invocations


You had 5 spell levels left.
You didn't know any spells.
Your spell library contained the following spells:

 Spells                   Type           Power      Damage    Failure   Level
 Ignite Poison            Fire/Tmut/Pois 0%         N/A       93%         3
 Mephitic Cloud           Conj/Pois/Air  0%         N/A       93%         3
 Freezing Cloud           Conj/Ice/Air   0%         6-21      100%        5


Dungeon Overview and Level Annotations

Branches:
Dungeon (4/15)             Temple (1/1) D:4

Altars:
Ashenzari
Cheibriados
Dithmenos
Fedhas
Gozag
Hepliaklqana
Kikubaaqudgha
Makhleb
Okawaru
Ru
Sif Muna
Trog
Uskayaw
Vehumet
Wu Jian
Xom
Yredelemnul


Innate Abilities, Weirdness & Mutations

You are partially covered in thin metallic scales. (AC +2)
You have a tail ending in a sharp stinger.


Message History

Press: ? - help, v - describe, . - travel
Here: an orc warrior, wielding a +0 war axe of freezing, wearing a +0 chain mail and quivering stones The floor.
Unknown command.
Throw: 3 boomerangs
Press: ? - help, Q - select action, (/) - cycle Shift-Dir - straight line, f - orc warrior
Aim: an orc warrior, wielding a +0 war axe of freezing, wearing a +0 chain mail and quivering stones (58% to hit)
You throw a boomerang.
The boomerang closely misses the orc warrior.
Throw: 3 boomerangs
Press: ? - help, Q - select action, (/) - cycle Shift-Dir - straight line, f/p - orc warrior
Aim: an orc warrior, wielding a +0 war axe of freezing, wearing a +0 chain mail and quivering stones (58% to hit)
You throw a boomerang.
The boomerang hits the orc warrior but does no damage.
The orc warrior throws a stone.
The stone hits you!
There is a stone staircase leading up here.
The orc warrior throws a stone.
The stone hits you!
* * * LOW HITPOINT WARNING * * *
You climb upwards.
There is a stone staircase leading down here.
Unknown command.
Unknown command.
Saving game... please wait.
Welcome back, AarnesTheHuman the Demonspawn Gladiator.
Blood and souls for Makhleb!
Press ? for a list of commands and other information.
Unknown command.
(D) Dungeon (T) Temple
Where to? (? - help)
What level of the Dungeon? (default 1, ? - help)
There is a stone staircase leading up here.
You climb upwards.
There is a stone staircase leading down here.
There is a stone staircase leading up here.
You climb upwards.
There is a stone staircase leading down here.
There is an open door here.
There is a staircase leading out of the dungeon here.
Are you sure you want to leave the Dungeon?
This will make you lose the game!
You have escaped!

#..####.# #.######.# ##...
#..# #.# #.# #.## #... #.##
#.# #.# #..# #...
..#####.####.# ##.# #...
...).........#######.# #...
#####.#..............# ##...
#...#####.#####..# #....
###.#...#.#...#..# #....
#.#...'.#.@.#..########.#..
#.#...#.#...#.........#.#..
#.#####.##'##..######.###..
#..............# #.##...
#.##'##.#####..# #.##...
#.#...#.#...#..# #.#....
##.#.>.#.'...#..# #.#....
#..#...#.#...#..######.#....
#..#####.#####.........#....


There were no monsters in sight!

Vanquished Creatures
  3 phantoms
  A necrophage (D:4)
  A scorpion zombie (D:4)
  3 gnolls
  2 adders
  A howler monkey skeleton (D:4)
  An adder skeleton (D:4)
  2 adder zombies (D:4)
  2 worms
  4 dart slugs
  3 orcs
  3 bats
  5 endoplasms
  3 giant cockroaches
  5 goblins
  2 hobgoblins
  9 kobolds
  5 quokkas
  5 ball pythons
  3 frilled lizards
  A quokka skeleton (D:4)
  2 rats
66 creatures vanquished.

Vanquished Creatures (collateral kills)
  An orc priest (D:4)
1 creature vanquished.

Vanquished Creatures (others)
  2 withered plants (D:4)
2 creatures vanquished.

Grand Total: 69 creatures vanquished

Notes
Turn   | Place    | Note
-------+----------+-------------------------------------------
     0 | D:1      | AarnesTheHuman the Demonspawn Gladiator began the quest for
                  | the Orb.
     0 | D:1      | Reached XP level 1. HP: 16/16 MP: 1/1
   202 | D:1      | Reached skill level 3 in Axes
   203 | D:1      | Gained mutation: You have a small tail. [demonic ancestry]
   203 | D:1      | Reached XP level 2. HP: 22/22 MP: 2/2
   974 | D:1      | Found a faded altar of an unknown god.
  1145 | D:2      | Reached XP level 3. HP: 22/27 MP: 3/3
  1297 | D:2      | Found a snail-covered altar of Cheibriados.
  2501 | D:3      | Identified the +2 pair of gloves "Forget-Me-Not" {rPois rN+
                  | Will+ Slay-2}
  2828 | D:3      | Gained mutation: You have a tail ending in a sharp stinger.
                  | [demonic ancestry]
  2828 | D:3      | Reached XP level 4. HP: 27/33 MP: 4/4
  3308 | D:4      | Found a staircase to the Ecumenical Temple.
  3340 | Temple   | Entered the Ecumenical Temple
  3820 | Temple   | Became a worshipper of Makhleb the Destroyer
  3886 | D:4      | Noticed a phantom
  3906 | D:4      | Killed a phantom
  3907 | D:4      | Reached skill level 4 in Axes
  3907 | D:4      | Reached XP level 5. HP: 14/38 MP: 5/5
  4273 | D:4      | Noticed a phantom
  4526 | D:3      | Killed a phantom
  4527 | D:3      | Reached skill level 5 in Axes
  4527 | D:3      | Gained mutation: You are partially covered in thin metallic
                  | scales. (AC +2) [demonic ancestry]
  4527 | D:3      | Reached XP level 6. HP: 37/44 MP: 6/6
  4806 | D:4      | Reached skill level 6 in Axes
  4806 | D:4      | Reached skill level 1 in Invocations
  4842 | D:4      | Noticed an orc warrior
  4867 | D:3      | Upgraded the game from 0.30-a0-50-gb2d611f6b1 to
                  | 0.30-a0-54-g2e61a25929
  4913 | D:$      | Got out of the dungeon alive.

Illustrated notes

Levels and vault maps discovered:
D:1:      minmay_arrival_four_houses, layout_basic,
          hellmonk_ecumenical_altar_zigzags, chequers_decorated_corner,
          hex_large
D:2:      layout_basic, basic_altar
D:3:      layout_loops_ring
D:4:      layout_loops_corners, minmay_temple_entry_statues_fountains,
          serial_undead, serial_undead_e, serial_undead_e, serial_undead_c,
          serial_undead_c, serial_undead_e, serial_undead_a, fountainhead,
          kennysheep_cross_bottleneck, uniq_pikel, uniq_sigmund
Temple:   mainiacjoe_temple_big_plus

Skill      XL: |  1  2  3  4  5  6 |
---------------+-------------------+-----
Throwing       | 2 3 4 |  4.0
Axes           | 3 4 5 6 |  6.0
Invocations    | 1 |  1.8
Fighting       | |  2.0
Dodging        | |  2.6

Action                   |  1- 3 |  4- 6 || total
-------------------------+-------+-------++-------
Melee: War axe           |    90 |    66 ||   156
       Punch             |     1 |       ||     1
       Tailslap          |     7 |    12 ||    19
Throw: Boomerang         |     6 |    48 ||    54
       Throwing net      |       |     3 ||     3
       Javelin           |       |     1 ||     1
  Use: Scroll            |       |    13 ||    13
       Potion            |       |     1 ||     1
Armor: Leather armour    |    23 |       ||    23
       Ring mail         |       |    37 ||    37
Dodge: Dodged            |    40 |    51 ||    91

Table legend: (Time is in decaauts)
 A = Elapsed time spent in this place.
 B = Non-inter-level travel time spent in this place.
 C = Inter-level travel time spent in this place.
 D = Time resting spent in this place.
 E = Time spent auto-exploring this place.
 F = Levels seen in this place.
 G = Mean time per level.
                   A        B        C        D        E       F      G
               +--------+--------+--------+--------+--------+-----+--------+
         Total |   4975 |   4588 |    387 |   1120 |   2862 |   5 |  995.0 |
       Dungeon |   4454 |   4131 |    323 |   1120 |   2424 |   4 | 1113.5 |
        Temple |    520 |    456 |     64 |      0 |    438 |   1 |  520.0 |
               +--------+--------+--------+--------+--------+-----+--------+

Top non-repeatable levels by time:
     D:3: 1710 daAuts
     D:2: 1137 daAuts
     D:1: 1061 daAuts
     D:4: 545 daAuts
  Temple: 520 daAuts
